 Dungeon Crawl Stone Soup version 0.27-a0-1158-gaa87e14f67 (webtiles) character file.

Game seed: 5352003073994970422

168098 shoop the End of an Era (level 17, -8/131 HPs)
             Began as a Demonspawn Wanderer on May 15, 2021.
             Was the Champion of Qazlal.
             Mangled by a white very ugly thing (25 damage)
             ... on level 1 of the Depths on May 21, 2021.
             The game lasted 01:28:07 (25536 turns).

shoop the End of an Era (Demonspawn Wanderer)      Turns: 25536, Time: 01:28:10

Health: -8/131     AC: 17    Str: 25    XL:     17   Next: 32%
Magic:  31/31      EV: 19    Int: 17    God:    Qazlal [******]
Gold:   1030       SH: 16    Dex: 15    Spells: 14/20 levels left

rFire    . . .     SeeInvis +   a - +3 battleaxe (elec)
rCold    + . .     Faith    .   (shield currently unavailable)
rNeg     + + +     Spirit   .   J - +6 scale mail of Atueq {Str+2}
rPois    +         Reflect  .   (helmet unavailable)
rElec    +         Harm     .   z - +0 cloak
rCorr    +         Rampage  .   R - +0 pair of fencer's gloves {Riposte Dex+3}
Will     +++..                  (no boots)
Stlth    ..........             p - amulet of Icsiwawn {Regen+ Int+2}
HPRegen  1.31/turn              Q - ring "Nemiezit" {rElec rPois rN+++ EV+4 Str+4}
MPRegen  0.22/turn              s - ring of the Leaf {Wiz Drain Will++ rCorr SInv}

@: protected from cold, studying 3 skills, repel missiles
A: horns 3, large bone plates 3, ignite blood 3, spiny 1
a: Renounce Religion, Upheaval, Elemental Force, Disaster Area


You were on level 1 of the Depths.
You worshipped Qazlal.
Qazlal was exalted by your worship.
You visited 4 branches of the dungeon, and saw 22 of its levels.
You also visited: Ossuary, Gauntlet and Ice Cave.

You collected 3441 gold pieces.
You spent 2411 gold pieces at shops.

Inventory:

Hand Weapons
 a - a +3 battleaxe of electrocution (weapon)
 b - a +3 battleaxe of freezing
Missiles
 r - 10 javelins
 Y - 7 boomerangs of dispersal
Armour
 c - the +3 ice dragon scales of Zuatil {rF- rC++ Will++}
   (You found it in a Gauntlet)

   It makes you vulnerable to fire.
   It greatly protects you from cold.
   It greatly increases your willpower.
 z - a +0 cloak (worn)
 J - the +6 scale mail of Atueq (worn) {Str+2}
   (You took it off a deep elf blademaster on level 3 of the Elven Halls)

   It affects your strength (+2).
 R - the +0 pair of fencer's gloves (worn) {Riposte Dex+3}
   (You bought it in a shop on level 2 of the Orcish Mines)

   It affects your dexterity (+3).
Jewellery
 p - the amulet of Icsiwawn (around neck) {Regen+ Int+2}
   (You took it off a deep elf knight on level 3 of the Elven Halls)

   [amulet of regeneration]

   It affects your intelligence (+2).
   It increases your rate of health regeneration.
 s - the ring of the Leaf (right hand) {Wiz Drain Will++ rCorr SInv}
   (You acquired it on level 5 of the Dungeon)

   [ring of wizardry]

   It improves your spell success rate.
   It lets you see invisible.
   It protects you from acid and corrosion.
   It drains your maximum health when unequipped.
   It greatly increases your willpower.
 x - a ring of resist corrosion
 A - the ring "Lygos" {rF+ Dex+3}
   (You took it off a deep elf zephyrmancer on level 3 of the Elven Halls)

   [ring of protection from fire]

   It affects your dexterity (+3).
   It protects you from fire.
 H - the ring "Soneqeut" {rF+ rC+}
   (You took it off a deep elf archer on level 3 of the Elven Halls)

   [ring of protection from cold]

   It protects you from fire.
   It protects you from cold.
 Q - the ring "Nemiezit" (left hand) {rElec rPois rN+++ EV+4 Str+4}
   (You found it in a Gauntlet)

   [ring of evasion]

   It affects your evasion (+4).
   It affects your strength (+4).
   It insulates you from electricity.
   It protects you from poison.
   It renders you almost immune to negative energy.
Wands
 d - a wand of paralysis (10)
 B - a wand of flame (116)
 G - a wand of digging (18)
 I - a wand of acid (5)
 L - a wand of mindburst (12)
 S - a wand of iceblast (12)
Scrolls
 g - 3 scrolls of magic mapping
 k - 2 scrolls of amnesia
 l - a scroll of fear
 o - a scroll of torment
 v - 2 scrolls of enchant armour
 w - 2 scrolls of holy word
 y - a scroll of fog
 C - 5 scrolls of teleportation
 E - 2 scrolls of enchant weapon
 K - a scroll of silence
 M - 2 scrolls of immolation
 N - a scroll of vulnerability
 T - a scroll of summoning
Potions
 e - 4 potions of haste
 h - a potion of magic
 j - 16 potions of curing
 m - a potion of resistance
 n - 2 potions of ambrosia
 q - a potion of attraction
 t - 2 potions of flight
 u - 6 potions of brilliance
 D - a potion of mutation
 F - 3 potions of lignification
 P - a potion of heal wounds
 U - a potion of invisibility
 V - 2 potions of cancellation
 X - 2 potions of might {unknown}
Miscellaneous
 f - a phantom mirror
 i - a phial of floods
 O - a condenser vane
 W - a box of beasts
 Z - a lightning rod (4/4)


   Skills:
 - Level 11.0 Fighting
 + Level 17.8 Axes
 - Level 1.0 Bows
 - Level 2.0 Throwing
 - Level 10.0 Armour
 - Level 10.0 Dodging
 - Level 2.0 Spellcasting
 - Level 2.0 Conjurations
 - Level 3.0 Transmutations
 - Level 3.0 Air Magic
 - Level 3.0 Earth Magic
 + Level 21.7 Invocations
 - Level 5.0 Evocations


You had 14 spell levels left.
You knew the following spells:

 Your Spells              Type           Power      Damage    Failure   Level
a - Shock                 Conj/Air       40%        1d5       6%          1
c - Swiftness             Air            11%        N/A       14%         3
p - Passwall              Tmut/Erth      9%         N/A       7%          2

Your spell library contained the following spells:

 Spells                   Type           Power      Damage    Failure   Level
 Sandblast                Erth           22%        2d7       4%          1
 Magic Dart               Conj           32%        1d4       7%          1
 Static Discharge         Conj/Air       10%        N/A       9%          2
 Foxfire                  Conj/Fire      20%        2x1d5     11%         1
 Searing Ray              Conj           16%        3d3       11%         2
 Poisonous Vapours        Pois/Air       12%        N/A       13%         2
 Animate Skeleton         Necr           2%         N/A       16%         1
 Freeze                   Ice            4%         1d3       16%         1
 Pain                     Necr           4%         1d4       16%         1
 Stone Arrow              Conj/Erth      20%        3d8       16%         3
 Sublimation of Blood     Necr           0%         N/A       24%         2
 Mephitic Cloud           Conj/Pois/Air  7%         N/A       24%         3
 Conjure Flame            Conj/Fire      5%         6-21      30%         3
 Dazzling Flash           Conj/Hex       10%        N/A       30%         3
 Ignite Poison            Fire/Tmut/Pois 5%         N/A       30%         3
 Frozen Ramparts          Ice            2%         1d2       41%         3
 Gell's Gravitas          Tloc           0%         N/A       41%         3
 Inner Flame              Hex/Fire       1%         N/A       41%         3
 Portal Projectile        Hex/Tloc       2%         N/A       41%         3
 Vampiric Draining        Necr           0%         2d6       41%         3
 Petrify                  Tmut/Erth      11%        N/A       41%         4
 Animate Armour           Summ/Erth      12%        N/A       61%         4
 Leda's Liquefaction      Hex/Erth       3%         N/A       61%         4
 Fulminant Prism          Conj/Hex       2%         3d6       67%         4
 Iskenderun's Mystic Bla  Conj/Tloc      5%         2d3       67%         4
 Sticky Flame             Conj/Fire      5%         2d3       67%         4
 Hydra Form               Tmut           5%         N/A       75%         5
 Lee's Rapid Deconstruct  Erth           5%         3d7*      75%         5
 Animate Dead             Necr           0%         N/A       80%         4
 Cause Fear               Hex            0%         N/A       80%         4
 Summon Ice Beast         Ice/Summ       1%         N/A       80%         4
 Irradiate                Conj/Tmut      5%         3d15      80%         5
 Bolt of Magma            Conj/Fire/Erth 3%         4d5       89%         5
 Alistair's Intoxication  Tmut/Pois      4%         N/A       90%         5
 Silence                  Hex/Air        3%         N/A       90%         5
 Yara's Violent Unravell  Hex/Tmut       3%         3d4       90%         5
 Fireball                 Conj/Fire      2%         3d4       94%         5
 Agony                    Necr           1%         N/A       98%         5
 Summon Forest            Summ/Tloc      0%         N/A       98%         5
 Summon Mana Viper        Hex/Summ       1%         N/A       98%         5
 Statue Form              Tmut/Erth      7%         N/A       99%         6
 Eringya's Noxious Bog    Tmut/Pois      3%         N/A       100%        6
 Freezing Cloud           Conj/Ice/Air   3%         6-21      100%        6
 Iron Shot                Conj/Erth      5%         9d2       100%        6
 Shadow Creatures         Summ           N/A        N/A       100%        6
 Simulacrum               Ice/Necr       0%         N/A       100%        6
 Ozocubu's Refrigeration  Ice            0%         4d5       100%        7
 Summon Hydra             Summ           0%         N/A       100%        7
 Discord                  Hex            0%         N/A       100%        8
 Shatter                  Erth           5%         3d8*      100%        9


Dungeon Overview and Level Annotations

Branches:
Dungeon (15/15)            Temple (0/1) D:4            Lair (0/6) D:10
    Orc (2/2) D:10            Elf (3/3) Orc:2        Vaults (0/5) D:14
 Depths (2/5) D:15        Ossuary (visited)           IceCv (visited)
Gauntlet (visited)

Altars:
Dithmenos
Fedhas
Gozag
Hepliaklqana
Kikubaaqudgha
Makhleb
Nemelex Xobeh
Qazlal
Uskayaw
Vehumet
Wu Jian
The Shining One
Beogh

Shops:
Orc:2 :[*(   Depths:1 !((*

Portals:
Hell: Depths:1
Trove: D:10 (give +3 storm dragon scales)

Annotations:
Elf:2 5 runed translucent doors
Elf:3 1 exclusion


Innate Abilities, Weirdness & Mutations

You have a pair of large horns on your head.
You are completely covered in large bone plates. (SH +8)
Your demonic aura causes all spilled blood to erupt in flames.
You are partially covered in sharp spines.


Message History

The frost giant casts a spell at you. The bolt of cold hits you!!
You hear a sizzling sound!
The white ugly thing basks in the mutagenic energy from its kin and changes!
You hear a shout!
The white very ugly thing is engulfed in blazing flames.
The white very ugly thing headbutts you.
The white very ugly thing freezes you!!
You feel protected from cold.
* * * LOW HITPOINT WARNING * * *
The white ugly thing is engulfed in freezing vapours.
The white ugly thing basks in the mutagenic energy from its kin and changes!
The white very ugly thing punches you!
* * * LOW HITPOINT WARNING * * *
The white very ugly thing freezes you! You resist.
* * * LOW HITPOINT WARNING * * *
You climb upwards.
There is a stone staircase leading down here.
Cast which spell? (? or * to list)
Okay, then.
Cast which spell? (? or * to list)
Okay, then.
You feel much better.
The white very ugly thing is struck by your spines.
The white very ugly thing closely misses you.
The white very ugly thing is struck by your spines.
The white very ugly thing punches you but does no damage.
The white very ugly thing headbutts you but does no damage.
The white very ugly thing punches you. The white very ugly thing freezes you!
You resist.
* * * LOW HITPOINT WARNING * * *
The white very ugly thing basks in the mutagenic energy from its kin and changes!
The white very ugly thing is engulfed in freezing vapours.
You closely miss the white very ugly thing.
The white very ugly thing is lightly wounded.
The white very ugly thing is struck by your spines.
The white very ugly thing punches you!!
* * * LOW HITPOINT WARNING * * *
The white very ugly thing freezes you!! You resist.
You die...

#####....^..####.#.....######.#
..##....#_...##...............#
###⌠...###...⌠##............###
##..._#....###............#
##.......####............#####
# ##.....##.##.................
# ##...###.##.###############.
# ##.####.##.# ## #####
#)#.....#@# # ....# #...###.#u#
###### ....# ##### #...#
###..##. ....# ##.u# ##.......
##### #.°########...≈≈≈≈≈ #
#............≈≈∩##≈ #
#.>..........≈##### #
##...........≈## ## ########
#...........≈≈# #≈


You could see 2 very ugly things.

Vanquished Creatures
  A lich (Depths:1)
  A deep elf blademaster (Elf:3)
  2 deep elf master archers (Elf:3)
  A sphinx (Depths:1)
  Kirke (D:13)
  The ghost of Mels the Transmogrifier, a journeyman DrTm of Qazlal (Orc:2)
  A fire giant (Depths:1)
  3 frost giants
  9 deep elf sorcerers
  3 deep elf elementalists (Elf:3)
  2 stone giants (Depths:1)
  2 very ugly things (Depths:1)
  A vampire knight (Depths:1)
  7 deep elf demonologists
  2 deep elf annihilators (Elf:3)
  A minotaur (Gauntlet)
  6 deep elf death magi (Elf:3)
  A deep elf high priest (Elf:3)
  A great orb of eyes (Depths:1)
  Fannar (D:11)
  4 vault guards (D:14)
  4 rakshasas (Depths:1)
  2 ice dragons (Depths:1)
  Erolcha (D:9)
  2 hydras (D:15)
  4 centaur warriors
  5 boulder beetles
  Erica (D:9)
  A death knight (D:14)
  2 deep troll earth magi (Depths:1)
  3 two-headed ogres
  12 dancing weapons
  2 tengu warriors (D:14)
  Urug (D:13)
  2 orc high priests (Orc:2)
  10 deep elf knights
  An iron troll (Depths:1)
  5 skeletal warriors
  A deep troll (Depths:1)
  2 large abominations (Gauntlet)
  A deep troll (shapeshifter) (D:15)
  14 deep elf archers
  5 wizards
  5 orc knights
  18 deep elf zephyrmancers
  31 deep elf pyromancers
  A wolf spider (D:15)
  3 manticores (D:14)
  A wolf spider (shapeshifter) (D:13)
  9 cyclopes
  5 orc sorcerers
  9 ugly things
  A worldbinder (Gauntlet)
  An elephant (D:10)
  An ice statue (IceCv)
  4 gargoyles
  3 unseen horrors
  A rime drake (IceCv)
  4 yaktaurs (D:14)
  2 komodo dragons
  A freezing wraith (D:14)
  4 tengu conjurers
  2 efreet
  A hornet (D:8)
  17 polar bears (IceCv)
  6 trolls
  19 slime creatures
  Grinder (D:3)
  5 air elementals
  A wyvern (D:8)
  2 vampires (D:12)
  2 shadows
  5 water elementals
  5 humans
  2 fire elementals (Elf:1)
  3 wraiths
  3 basilisks
  Eustachio (D:4)
  23 yaks
  Grum (D:9)
  15 vampire mosquitoes
  A hog (D:13)
  Menkaure (D:5)
  4 wargs (Orc:2)
  A black bear (D:10)
  33 orc warriors
  2 sky beasts (D:7)
  10 ice beasts
  2 necrophages
  An ogre (Orc:2)
  16 wolves
  2 boggarts
  10 centaurs
  2 kobold brigands (D:11)
  4 earth elementals
  A bullfrog (D:6)
  A gnoll sergeant (D:13)
  A wyvern zombie (D:7)
  4 scorpions
  2 wyvern skeletons (D:7)
  4 small abominations (Gauntlet)
  10 killer bees (D:9)
  17 wights (D:8)
  A vampire bat (Orc:1)
  2 howler monkeys
  3 centaur zombies
  3 hounds
  A jelly (D:7)
  14 orc priests
  A bullfrog zombie (D:5)
  A centaur skeleton (D:7)
  5 iguanas
  Natasha (twice) (D:3)
  Terence (D:2)
  15 orc wizards
  A hound skeleton (D:5)
  8 mummies (Ossuary)
  2 howler monkey zombies (D:8)
  4 gnolls (D:13)
  5 adders
  An ufetubus (D:5)
  A worm (D:2)
  A dart slug (D:1)
  69 orcs
  7 endoplasms
  A giant cockroach (D:1)
  2 gnoll zombies (Ossuary)
  5 goblins
  4 hobgoblins
  7 jackals
  4 quokkas
  6 ball pythons
  12 bats
  4 frilled lizards
  11 kobolds
  3 kobold zombies (Ossuary)
  3 orc zombies (Ossuary)
  A quokka zombie (D:8)
  A rat (D:1)
  A rat zombie (D:8)
692 creatures vanquished.

Vanquished Creatures (collateral kills)
  An orc warlord (Orc:1)
1 creature vanquished.

Vanquished Creatures (others)
  A deep elf demonologist (Elf:1)
  A deep elf zephyrmancer (Elf:3)
  An air elemental (Elf:3)
  A human (D:13)
  3 yaks (IceCv)
  A wolf (IceCv)
  A demonic plant (Gauntlet)
  10 fungi (Orc:2)
  A plant (D:10)
20 creatures vanquished.

Grand Total: 713 creatures vanquished

Notes
Turn   | Place    | Note
-------+----------+-------------------------------------------
     0 | D:1      | shoop the Demonspawn Wanderer began the quest for the Orb.
     0 | D:1      | shoop set off with the following items: a +0 club, a +0
                  | ring mail, a wand of paralysis (15); and the following
                  | spell memorised: Shock; and the following spells available
                  | to memorise: Swiftness
     0 | D:1      | Reached XP level 1. HP: 15/15 MP: 2/2
   238 | D:1      | Reached skill level 1 in Air Magic
   363 | D:1      | Gained mutation: Your demonic aura sometimes causes spilled
                  | blood to erupt in flames. [demonic ancestry]
   363 | D:1      | Reached XP level 2. HP: 21/21 MP: 0/3
   985 | D:1      | Found a faded altar of an unknown god.
   992 | D:1      | Became a worshipper of Qazlal Stormbringer
   992 | D:1      | Reached * piety under Qazlal
  1111 | D:1      | Found Falaups's Weapon Boutique.
  1636 | D:2      | Reached skill level 1 in Invocations
  1727 | D:2      | Found a radiant altar of Vehumet.
  1737 | D:2      | Reached XP level 3. HP: 24/26 MP: 0/4
  1943 | D:2      | Noticed Terence
  1963 | D:2      | Killed Terence
  1964 | D:2      | Reached skill level 2 in Invocations
  2393 | D:2      | Gained mutation: You have a pair of small horns on your
                  | head. [demonic ancestry]
  2393 | D:2      | Reached XP level 4. HP: 33/33 MP: 4/6
  2704 | D:3      | Reached skill level 3 in Invocations
  2954 | D:3      | Noticed Natasha
  2968 | D:3      | Killed Natasha
  3110 | D:3      | Found a sparkling altar of Nemelex Xobeh.
  3288 | D:3      | Noticed Grinder
  3311 | D:3      | Paralysed by Grinder for 3 turns
  3317 | D:3      | Paralysed by Grinder for 3 turns
  3330 | D:3      | Killed Grinder
  3331 | D:3      | Reached skill level 1 in Axes
  3331 | D:3      | Reached skill level 5 in Invocations
  3331 | D:3      | Gained mutation: You are partially covered in large bone
                  | plates. (SH +4) [demonic ancestry]
  3331 | D:3      | Reached XP level 5. HP: 11/40 MP: 6/8
  3331 | D:3      | Reached XP level 6. HP: 12/46 MP: 6/9
  3621 | D:3      | Noticed Natasha
  3642 | D:3      | Killed Natasha
  3975 | D:4      | Found a staircase to the Ecumenical Temple.
  4023 | D:4      | Found a hazy altar of Hepliaklqana.
  4037 | D:4      | Reached ** piety under Qazlal
  4072 | D:4      | Found an opulent altar of Gozag.
  4385 | D:4      | Noticed Eustachio
  4410 | D:4      | Killed Eustachio
  4411 | D:4      | Reached skill level 6 in Invocations
  4411 | D:4      | Gained mutation: You are partially covered in sharp spines.
                  | [demonic ancestry]
  4411 | D:4      | Reached XP level 7. HP: 19/53 MP: 10/12
  4880 | D:4      | Reached skill level 7 in Invocations
  4970 | D:5      | Entered Level 5 of the Dungeon
  4998 | D:5      | Reached skill level 8 in Invocations
  5244 | D:5      | Noticed a yak
  5246 | D:5      | Noticed a yak
  5246 | D:5      | Noticed Menkaure
  5251 | D:5      | Identified a scroll of acquirement
  5251 | D:5      | Acquired the ring of the Leaf {Wiz Drain Will++ rCorr SInv}
  5255 | D:5      | Noticed a yak
  5255 | D:5      | Noticed a yak
  5255 | D:5      | Noticed a yak
  5261 | D:5      | Killed a yak
  5262 | D:5      | Reached skill level 5 in Fighting
  5262 | D:5      | Reached skill level 9 in Invocations
  5262 | D:5      | Reached XP level 8. HP: 10/62 MP: 5/14
  5271 | D:5      | Killed Menkaure
  6041 | D:6      | Reached skill level 10 in Invocations
  6223 | D:6      | Found an ancient bone altar of Kikubaaqudgha.
  6787 | D:6      | Reached skill level 1 in Dodging
  6787 | D:6      | Reached skill level 11 in Invocations
  6858 | D:6      | Gained mutation: You have a pair of horns on your head.
                  | [demonic ancestry]
  6858 | D:6      | Reached XP level 9. HP: 52/69 MP: 17/17
  7079 | D:7      | Reached skill level 12 in Invocations
  7133 | D:7      | Reached skill level 1 in Throwing
  7533 | D:7      | Found a blossoming altar of Fedhas.
  8153 | D:8      | Found a shadowy altar of Dithmenos.
  8237 | D:8      | Found a sand-covered staircase.
  8246 | Ossuary  | Entered an ossuary
  8343 | Ossuary  | Reached skill level 13 in Invocations
  8730 | D:8      | Gained mutation: Your demonic aura often causes spilled
                  | blood to erupt in flames. [demonic ancestry]
  8730 | D:8      | Reached XP level 10. HP: 69/76 MP: 20/20
  8763 | D:8      | Reached *** piety under Qazlal
  8802 | D:8      | Paralysed by a hornet for 2 turns
  9135 | D:8      | Reached skill level 14 in Invocations
  9831 | D:9      | Noticed Erica
  9843 | D:9      | Killed Erica
  9844 | D:9      | Reached skill level 15 in Invocations
  9853 | D:9      | Noticed Erolcha
  9864 | D:9      | Killed Erolcha
 10024 | D:9      | Noticed Grum
 10034 | D:9      | Killed Grum
 10271 | D:10     | Entered Level 10 of the Dungeon
 10276 | D:10     | Noticed a two-headed ogre
 10288 | D:9      | Killed a two-headed ogre
 10317 | D:9      | Reached skill level 16 in Invocations
 10317 | D:9      | Gained mutation: Your demonic aura causes all spilled blood
                  | to erupt in flames. [demonic ancestry]
 10317 | D:9      | Reached XP level 11. HP: 89/89 MP: 21/23
 10352 | D:10     | Found a staircase to the Orcish Mines.
 10590 | D:10     | You fall into a shaft and drop 2 floors!
 10808 | D:11     | Reached **** piety under Qazlal
 10875 | D:11     | Found a gate leading to a gauntlet.
 10947 | Gauntlet | Entered a Gauntlet
 10947 | Gauntlet | Found a transporter.
 10947 | Gauntlet | Found a transporter.
 10948 | Gauntlet | Found a runed translucent door.
 10950 | Gauntlet | Found a transporter.
 10952 | Gauntlet | Found a transporter.
 10953 | Gauntlet | Found a transporter.
 10975 | Gauntlet | Found a transporter.
 10980 | Gauntlet | Found a transporter.
 11014 | Gauntlet | Noticed a catoblepas
 11016 | Gauntlet | Found a transporter.
 11017 | Gauntlet | Found a transporter.
 11017 | Gauntlet | Found a transporter.
 11021 | Gauntlet | Noticed a green death
 11036 | Gauntlet | Found a transporter.
 11048 | Gauntlet | Found a transporter.
 11074 | Gauntlet | Noticed a large abomination
 11076 | Gauntlet | Found a transporter.
 11080 | Gauntlet | Found a transporter.
 11122 | Gauntlet | Noticed an oklob plant
 11162 | Gauntlet | Noticed a necromancer
 11212 | Gauntlet | Identified the ring "Nemiezit" {rElec rPois rN+++ EV+4
                  | Str+4}
 11240 | Gauntlet | Killed a large abomination
 11244 | Gauntlet | Reached skill level 17 in Invocations
 11329 | Gauntlet | Noticed a minotaur
 11350 | Gauntlet | Killed a minotaur
 11357 | Gauntlet | Identified Nograedd's Incunabulum of Destructive
                  | Transmutation
 11360 | Gauntlet | Identified the +8 dagger "Noelouju" {pain, Will++ Str-5
                  | Dex+3}
 11362 | Gauntlet | Identified the +3 ice dragon scales of Zuatil {rF- rC++
                  | Will++}
 11456 | D:10     | Found a portal to a secret trove of treasure.
 11519 | D:10     | Found a staircase to the Lair.
 11531 | D:10     | Reached skill level 10 in Fighting
 11531 | D:10     | Reached skill level 5 in Evocations
 12129 | D:11     | Noticed Fannar
 12161 | D:11     | Killed Fannar
 12162 | D:11     | Reached XP level 12. HP: 76/97 MP: 24/24
 12286 | D:11     | Noticed a boulder beetle
 12485 | D:11     | Killed a boulder beetle
 12486 | D:11     | Reached skill level 5 in Armour
 12560 | D:12     | Reached skill level 18 in Invocations
 13346 | Orc:1    | Entered Level 1 of the Orcish Mines
 13396 | Orc:1    | Reached ***** piety under Qazlal
 13401 | Orc:1    | Found a frozen archway.
 13430 | IceCv    | Entered an ice cave
 13525 | IceCv    | Learned a level 2 spell: Passwall
 13529 | IceCv    | Learned a level 3 spell: Swiftness
 13587 | IceCv    | Reached skill level 1 in Transmutations
 13602 | IceCv    | Reached skill level 1 in Earth Magic
 13744 | IceCv    | Reached skill level 19 in Invocations
 13756 | IceCv    | Gained mutation: You have a pair of large horns on your
                  | head. [demonic ancestry]
 13756 | IceCv    | Reached XP level 13. HP: 103/103 MP: 26/26
 13849 | IceCv    | Noticed a frost giant
 13877 | IceCv    | Killed a frost giant
 13942 | IceCv    | Identified Sif Muna's Tome of Quantum Ice
 14795 | Orc:2    | Entered Level 2 of the Orcish Mines
 14811 | Orc:2    | Noticed an orc warlord
 14822 | Orc:1    | Killed an orc warlord
 15129 | Orc:2    | Found a large runed translucent door.
 15208 | Orc:2    | Found a large runed translucent door.
 15213 | Orc:2    | Noticed Mels's ghost (journeyman DrTm)
 15289 | Orc:2    | Found Wuneusot's General Store.
 15356 | Orc:2    | Reached skill level 5 in Dodging
 15471 | Orc:2    | Bought a scroll of blinking for 82 gold pieces
 15471 | Orc:2    | Bought a scroll of noise for 11 gold pieces
 15516 | Orc:2    | Found Ucaixuf's Book Boutique.
 15649 | Orc:2    | Found Huts's Antique Weapon Shop.
 15656 | Orc:2    | Found a staircase to the Elven Halls.
 15687 | Orc:2    | Reached ****** piety under Qazlal
 15745 | Orc:2    | Found Plog's Antique Armour Shoppe.
 16159 | Orc:2    | Killed Mels's ghost
 16246 | Orc:2    | Bought a transparent scale mail for 189 gold pieces
 16246 | Orc:2    | Identified the +1 scale mail "Kunuf" {-Tele *Corrode rElec
                  | rF+++} (You bought it in a shop on level 2 of the Orcish
                  | Mines)
 16263 | Orc:2    | Bought the +0 pair of fencer's gloves {Riposte Dex+3} for
                  | 440 gold pieces
 16263 | Orc:2    | Found the +0 pair of fencer's gloves {Riposte Dex+3}
 16664 | D:13     | Noticed Kirke
 16665 | D:13     | Noticed Urug
 16671 | D:13     | Killed Kirke
 16672 | D:13     | Reached skill level 20 in Invocations
 16672 | D:13     | Reached XP level 14. HP: 113/113 MP: 26/28
 16684 | D:13     | Killed Urug
 17284 | D:14     | Reached skill level 10 in Armour
 17641 | D:14     | Found a gate to the Vaults.
 18131 | D:15     | Entered Level 15 of the Dungeon
 18196 | D:14     | Reached skill level 10 in Dodging
 18404 | Orc:2    | Bought a manual of Axes for 1545 gold pieces
 18808 | D:15     | Reached skill level 5 in Axes
 18932 | D:15     | Found an ornate altar of the Wu Jian Council.
 19146 | D:15     | Gained mutation: You are mostly covered in large bone
                  | plates. (SH +6) [demonic ancestry]
 19146 | D:15     | Reached XP level 15. HP: 118/118 MP: 29/29
 19197 | D:15     | Found a staircase to the Depths.
 19663 | Elf:1    | Entered Level 1 of the Elven Halls
 19690 | Elf:1    | Reached skill level 10 in Axes
 19713 | Elf:1    | Noticed a Hell Sentinel
 19715 | Elf:1    | Noticed a Brimstone Fiend
 19756 | Elf:1    | Noticed a Brimstone Fiend
 19906 | Elf:1    | Noticed a deep elf sorcerer
 19914 | Elf:1    | Killed a deep elf sorcerer
 19964 | Elf:1    | Identified the ring "Kuocs" {*Slow rElec rPois rC+ Str-2}
 21148 | Elf:2    | Found a huge runed translucent gate.
 21148 | Elf:2    | Found a huge runed translucent gate.
 21152 | Elf:2    | Found a huge runed translucent gate.
 21153 | Elf:2    | Found a huge runed translucent gate.
 21154 | Elf:2    | Found a huge runed translucent gate.
 21216 | Elf:2    | Found an ancient bone altar of Kikubaaqudgha.
 21524 | Elf:3    | Entered Level 3 of the Elven Halls
 21709 | Elf:3    | Noticed a deep elf sorcerer
 21715 | Elf:3    | Gained mutation: You are completely covered in large bone
                  | plates. (SH +8) [demonic ancestry]
 21715 | Elf:3    | Reached XP level 16. HP: 125/125 MP: 30/30
 21762 | Elf:3    | Reached skill level 15 in Axes
 22372 | Elf:3    | Identified the +4 double sword "Tesut" {protect, Contam
                  | Str+8}
 22372 | Elf:3    | Identified the ring "Lygos" {rF+ Dex+3}
 22375 | Elf:3    | Identified the amulet of Icsiwawn {Regen+ Int+2}
 22378 | Elf:3    | Identified the +1 robe "Peffizic" {rF+ rC+ rCorr Dex+3}
 22378 | Elf:3    | Identified the amulet of Propriety {Reflect rPois SH+5}
 22390 | Elf:3    | Identified the ring "Soneqeut" {rF+ rC+}
 22475 | Elf:3    | Noticed an Ice Fiend
 22673 | Elf:3    | Noticed an Executioner
 22763 | Elf:3    | Noticed a deep elf master archer
 22766 | Elf:3    | Killed a deep elf master archer
 22936 | Elf:3    | Identified the +6 scale mail of Atueq {Str+2}
 22936 | Elf:3    | Noticed a deep elf blademaster
 23126 | Elf:3    | Killed a deep elf blademaster
 23261 | Elf:3    | Identified the ring "Ibbeeleo" {Ice Int+5 Dex-5 Stlth+}
 23266 | Elf:3    | Noticed a Brimstone Fiend
 23271 | Elf:3    | Noticed a deep elf master archer
 23273 | Elf:3    | Noticed an Executioner
 23415 | Elf:3    | Killed a deep elf master archer
 23594 | Elf:3    | Identified the Almanac of Icy Necromancy
 23597 | Elf:3    | Identified Sif Muna's Almanac of Poisoning and the
                  | Snowflakes
 24026 | Depths:1 | Entered Level 1 of the Depths
 24390 | Depths:1 | Found a gateway to Hell.
 24566 | Depths:1 | Reached XP level 17. HP: 130/131 MP: 31/31
 24570 | Depths:1 | Found a burning altar of Makhleb.
 24664 | Depths:1 | Found Sauducon's General Store.
 24667 | Depths:1 | Found Penimuna's Antique Weapon Shoppe.
 24667 | Depths:1 | Found Maxky's Antique Weapon Emporium.
 24670 | Depths:1 | Found Fatishin's Distillery.
 24678 | Depths:1 | Bought a potion of cancellation for 96 gold pieces
 24695 | Depths:1 | Bought a potion of brilliance for 48 gold pieces
 24756 | Depths:1 | Reached skill level 21 in Invocations
 25037 | Depths:1 | Noticed a lich
 25055 | Depths:1 | Killed a lich
 25109 | Depths:1 | Found a hide-covered altar of Uskayaw.
 25536 | Depths:1 | Mangled by a white very ugly thing

Illustrated notes

Levels and vault maps discovered:
D:1:      dpeg_arrival_round_c, layout_basic,
          hellmonk_ecumenical_altar_slurped_away, serial_shops, shop,
          minivault_14, minivault_4
D:2:      layout_loops_cross, basic_altar, uniq_terence
D:3:      layout_basic, nemelex_xobeh_ov_fountains_minmay, uniq_grinder,
          uniq_natasha
D:4:      layout_basic, overflow_temple_1_default, amcnicky_altar_gilded,
          minmay_temple_entry_mini_moons, uniq_eustachio
D:5:      layout_cave_pools, kennysheep_cross_room, dk_noncrumbling_3,
          hangedman_decor_clover_reticule, uniq_menkaure
D:6:      layout_basic, kiku_gazebo_garden_becter
D:7:      layout_layer_cave, lemuel_tele_altar, minmay_misc_feat_enclosed,
          chequers_arboretum
D:8:      layout_loops_ring, grunt_dithmenos_smoke_and_mirrors, enter_ossuary_4,
          nrook_pool_corridor
D:9:      layout_gridville, eino_jars, uniq_erica, uniq_grum, uniq_erolcha
D:10:     layout_loops_corners, david_lair_generic, david_orc_2, enter_trove_1
D:11:     layout_roguey [special_room_orc], gauntlet_entry_generic,
          blue_anna_alchemist, uniq_fannar
D:12:     layout_loops_ring
D:13:     layout_long_grid, uniq_urug, uniq_kirke
D:14:     layout_loops_ring, grunt_vaults_entry_fortified, hex_tiny
D:15:     hangedman_depths_entry_try_elsewhere_first, layout_irregular_city,
          pdpol_wu_jian_five_deadly_venoms
Orc:1:    layout_diamond_mine, portal_ice_cave_entry_ice_beasts,
          roderic_batcave, mines1_david
Orc:2:    grunt_orc_gardens, layout_caves, grunt_orc_garden, grunt_orc_garden,
          grunt_orc_garden, grunt_orc_garden, ebering_ghost_disaster_area
Elf:1:    minmay_elf_arrival_circle, layout_loops_ring, hangedman_elf_disciples
Elf:2:    layout_loops_cross, basic_altar
Elf:3:    minmay_elf_hall_curves, layout_rooms
Depths:1: layout_basic, hangedman_coc_ice_floe, nicolae_uskayaw_suspiria,
          nzn_life_drinkers, minmay_shoptagon
Depths:2: evilmike_inaccessible_box, layout_cave_shapes, enter_ziggurat_a,
          minmay_room_of_horrors, pf_hell_entry_tar_spiral,
          minmay_guarded_unrand_zonguldrok, minmay_shop_grove

Skill      XL: |  1  2  3  4  5  6  7  8  9 10 11 12 13 14 15 16 17 |
---------------+----------------------------------------------------+-----
Air Magic      | 1 2 3 |  3.0
Invocations    | 1 2 5 6 9 11 13 16 17 19 20 21 | 21.7
Fighting       | 2 3 5 6 7 9 10 11 | 11.0
Axes           | 1 2 8 14 17 | 17.8
Dodging        | 2 3 6 10 | 10.0
Armour         | 3 4 7 9 10 | 10.0
Throwing       | 2 |  2.0
Evocations     | 5 |  5.0
Transmutations | 1 3 |  3.0
Earth Magic    | 1 3 |  3.0
Spellcasting   | 2 |  2.0
Bows           | |  1.0
Conjurations   | |  2.0

Action                   |  1- 3 |  4- 6 |  7- 9 | 10-12 | 13-15 | 16-18 || total
-------------------------+-------+-------+-------+-------+-------+-------++-------
Melee: Club              |    23 |       |       |       |       |       ||    23
       War axe           |    29 |   107 |   250 |    22 |       |       ||   408
       Short sword       |     2 |       |       |       |       |       ||     2
       Headbutt          |       |    18 |    54 |   143 |   179 |    82 ||   476
       Mace              |       |       |       |   479 |    33 |       ||   512
       Battleaxe         |       |       |       |       |   593 |   302 ||   895
 Cast: Shock             |    46 |       |       |       |       |       ||    46
       Passwall          |       |       |       |       |     1 |       ||     1
Invok: Upheaval          |       |       |     3 |     8 |     1 |     6 ||    18
       Elemental Force   |       |       |       |       |     1 |       ||     1
Evoke: Wand              |       |     1 |     4 |     2 |       |       ||     7
       Condenser vane    |       |       |       |     1 |       |       ||     1
  Use: Scroll            |     1 |     5 |     8 |     6 |     2 |     7 ||    29
       Potion            |       |       |       |     1 |       |     1 ||     2
 Stab: Paralysed         |       |     4 |       |       |       |       ||     4
       Confused          |       |       |       |     1 |       |       ||     1
Armor: Ring mail         |    14 |       |       |       |       |       ||    14
       Chain mail        |     8 |    48 |    86 |    92 |       |       ||   234
       Ice dragon scales |       |       |       |   121 |   230 |    36 ||   387
       Scale mail        |       |       |       |       |       |    24 ||    24
Dodge: Dodged            |    47 |    54 |   123 |   281 |   387 |    91 ||   983
       Repelled          |       |       |       |       |    15 |     1 ||    16
Block: Other             |       |    22 |    87 |   274 |   427 |   139 ||   949
       Rpst.: Battleaxe  |       |       |       |       |    61 |    17 ||    78

Table legend: (Time is in decaauts)
 A = Elapsed time spent in this place.
 B = Non-inter-level travel time spent in this place.
 C = Inter-level travel time spent in this place.
 D = Time resting spent in this place.
 E = Time spent auto-exploring this place.
 F = Levels seen in this place.
 G = Mean time per level.
                   A        B        C        D        E       F      G
               +--------+--------+--------+--------+--------+-----+--------+
         Total |  26142 |  23615 |   2527 |   1926 |  15743 |  25 | 1045.7 |
       Dungeon |  16441 |  15076 |   1365 |    747 |  11342 |  15 | 1096.1 |
  Orcish Mines |   2393 |   1888 |    505 |    231 |   1080 |   2 | 1196.5 |
   Elven Halls |   4084 |   3563 |    521 |    636 |   1803 |   3 | 1361.3 |
        Depths |   1461 |   1326 |    135 |    214 |    884 |   2 |  730.5 |
       Ossuary |    264 |    264 |      0 |     11 |    118 |   1 |  264.0 |
      Ice Cave |   1023 |   1023 |      0 |      2 |    515 |   1 | 1023.0 |
      Gauntlet |    474 |    474 |      0 |     83 |      0 |   1 |  474.0 |
               +--------+--------+--------+--------+--------+-----+--------+

Top non-repeatable levels by time:
   Elf:3: 2094 daAuts
   Orc:2: 1637 daAuts
     D:1: 1562 daAuts
Depths:1: 1457 daAuts
     D:4: 1420 daAuts
     D:3: 1286 daAuts
     D:7: 1273 daAuts
    D:14: 1225 daAuts
   Elf:1: 1198 daAuts
    D:12: 1087 daAuts
    D:11: 1056 daAuts
     D:2: 1043 daAuts
   IceCv: 1023 daAuts
     D:8: 1021 daAuts
    D:10: 1016 daAuts
